2711 views
Uploaded 2021-01-03 08:31:09
Game version 1.32.9
43:23 long 1on1 ladder game on (2)LastRefuge
Saved by xzz
2711 views
Uploaded 2021-01-03 08:31:09
Game version 1.32.9
43:23 long 1on1 ladder game on (2)LastRefuge

48 units @ 6.6k
/ 1.1k
21 buildings @ 3.8k
/ 1.9k


| Moonstone | 1 | 50 |
| total: | 1 | 50g |
| Wisp | 22 | 1320 | / | 0 |
| Archer | 2 | 260 | / | 20 |
| Glaive Thrower | 1 | 210 | / | 65 |
| Huntress | 4 | 780 | / | 80 |
| Druid of the Claw | 2 | 510 | / | 160 |
| Dryad | 5 | 725 | / | 300 |
| Chimaera | 5 | 1650 | / | 350 |
| Hippogryph | 5 | 800 | / | 100 |
| Druid of the Talon | 1 | 145 | / | 20 |
| Forest Troll Shadow Priest | 1 | 195 | / | 10 |
| total: | 48 | 6595g | / | 1105w |
| Ancient Protector | 1 | 135 | / | 80 |
| Altar of Elders | 1 | 180 | / | 50 |
| Moon Well | 9 | 1620 | / | 360 |
| Ancient of War | 1 | 150 | / | 60 |
| Hunter's Hall | 1 | 210 | / | 100 |
| Ancient of Wonders | 1 | 90 | / | 30 |
| Tree of Life | 2 | 680 | / | 370 |
| Ancient of Lore | 1 | 155 | / | 145 |
| Ancient of Wind | 2 | 300 | / | 280 |
| Chimaera Roost | 2 | 280 | / | 380 |
| Tree of Ages | 1 | 320 | / | 180 |
| Tree of Eternity | 1 | 330 | / | 200 |
| total: | 21 | 3800g | / | 1855w |
| 0:04 | Wisp |
| 0:04 | Wisp |
| 0:09 | Altar of Elders |
| 0:12 | Moon Well |
| 0:23 | Wisp |
| 0:24 | Wisp |
| 0:27 | Wisp |
| 0:51 | Ancient of War |
| 0:58 | Wisp |
| 0:58 | Wisp |
| 1:21 | Wisp |
| 1:27 | Moon Well |
| 1:43 | Wisp |
| 1:51 | Archer |
| 1:52 | Archer |
| 2:00 | Wisp |
| 2:19 | Hunter's Hall |
| 2:29 | Mana Burn |
| 3:17 | Wisp |
| 3:17 | Wisp |
| 3:25 | Moon Well |
| 3:38 | Glaive Thrower |
| 3:41 | Huntress |
| 3:41 | Huntress |
| 3:46 | Tree of Ages |
| 4:05 | Ancient Protector |
| 4:15 | Huntress |
| 4:30 | Moon Well |
| 4:48 | Huntress |
| 5:10 | Evasion |
| 5:24 | Ancient of Wonders |
| 6:11 | Tree of Eternity |
| 6:58 | Ancient of Lore |
| 7:14 | Trueshot Aura |
| 7:15 | Mana Burn |
| 7:53 | Forest Troll Shadow Priest |
| 8:03 | Strength of the Wild |
| 8:03 | Reinforced Hides |
| 8:27 | Searing Arrows |
| 8:47 | Chimaera Roost |
| 9:12 | Druid of the Claw |
| 9:12 | Druid of the Claw |
| 9:24 | Moon Well |
| 9:26 | Wisp |
| 9:26 | Wisp |
| 9:26 | Wisp |
| 9:33 | Chimaera Roost |
| 9:41 | Evasion |
| 9:44 | Moonstone |
| 9:53 | Ancient of Wind |
| 9:58 | Abolish Magic |
| 9:59 | Dryad |
| 10:23 | Moon Well |
| 11:09 | Moon Well |
| 11:16 | Moon Well |
| 11:25 | Moon Well |
| 11:27 | Chimaera |
| 11:27 | Chimaera |
| 11:30 | Dryad |
| 11:51 | Wisp |
| 12:34 | Ancient of Wind |
| 12:37 | Dryad |
| 12:44 | Chimaera |
| 13:00 | Dryad |
| 13:49 | Tree of Life |
| 14:41 | Chimaera |
| 15:10 | Hippogryph |
| 16:09 | Hippogryph |
| 16:10 | Hippogryph |
| 16:41 | Druid of the Talon |
| 16:41 | Hippogryph |
| 17:14 | Wisp |
| 17:14 | Wisp |
| 17:15 | Wisp |
| 17:17 | Wisp |
| 17:27 | Hippogryph |
| 17:49 | Trueshot Aura |
| 17:55 | Tree of Life |
| 18:44 | Chimaera |
| 18:47 | Dryad |
| 19:27 | Wisp |
| 19:27 | Wisp |
| 19:56 | Corrosive Breath |
| 20:36 | Mana Burn |
| 20:43 | Searing Arrows |
| Right click | 449 |
| Select | 262 |
| Select group | 146 |
| Build/train/purchase | 75 |
| Assign group | 19 |
| Use ability | 12 |
| Remove unit | 3 |
51 units @ 7.5k
/ 2.1k
80 buildings @ 4.8k
/ 2.6k

| Scroll of Regeneration | 3 | 300 |
| Lesser Clarity Potion | 4 | 280 |
| Potion of Mana | 1 | 200 |
| Mechanical Critter | 2 | 100 |
| Scroll of Town Portal | 2 | 700 |
| Potion of Invisibility | 4 | 400 |
| Boots of Speed | 1 | 250 |
| Staff of Teleportation | 1 | 150 |
| Potion of Lesser Invulnerability | 2 | 300 |
| total: | 20 | 2680g |
| Peasant | 14 | 1050 | / | 0 |
| Footman | 4 | 540 | / | 0 |
| Flying Machine | 7 | 700 | / | 210 |
| Mortar Team | 7 | 1260 | / | 490 |
| Sorceress | 6 | 930 | / | 120 |
| Goblin Shredder | 1 | 375 | / | 100 |
| Goblin Sapper | 11 | 2365 | / | 1100 |
| Goblin Zeppelin | 1 | 240 | / | 60 |
| total: | 51 | 7460g | / | 2080w |
| Scout Tower | 56 | 1680 | / | 1120 |
| Arcane Tower | 8 | 560 | / | 400 |
| Guard Tower | 19 | 1330 | / | 950 |
| Altar of Kings | 1 | 180 | / | 50 |
| Farm | 12 | 960 | / | 240 |
| Barracks | 1 | 160 | / | 60 |
| Lumber Mill | 1 | 120 | / | 0 |
| Arcane Vault | 2 | 260 | / | 60 |
| Town Hall | 2 | 770 | / | 410 |
| Blacksmith | 1 | 140 | / | 60 |
| Cannon Tower | 13 | 1560 | / | 1300 |
| Workshop | 3 | 420 | / | 420 |
| Arcane Sanctum | 1 | 150 | / | 140 |
| Keep | 1 | 320 | / | 210 |
| Castle | 1 | 360 | / | 210 |
| total: | 80 | 4840g | / | 2560w |
| 0:07 | Altar of Kings |
| 0:09 | Farm |
| 0:11 | Peasant |
| 0:12 | Peasant |
| 0:42 | Peasant |
| 0:51 | Scout Tower |
| 0:55 | Farm |
| 0:58 | Peasant |
| 1:02 | Barracks |
| 1:16 | Peasant |
| 1:31 | Peasant |
| 1:46 | Arcane Tower |
| 1:49 | Peasant |
| 1:55 | Peasant |
| 2:05 | Farm |
| 2:10 | Footman |
| 2:14 | Lumber Mill |
| 2:17 | Flame Strike |
| 2:33 | Scout Tower |
| 2:35 | Footman |
| 2:37 | Peasant |
| 3:16 | Footman |
| 3:17 | Guard Tower |
| 3:21 | Scout Tower |
| 3:27 | Arcane Vault |
| 3:33 | Peasant |
| 3:39 | Farm |
| 3:52 | Guard Tower |
| 4:08 | Scroll of Regeneration |
| 4:09 | Lesser Clarity Potion |
| 4:24 | Footman |
| 4:33 | Peasant |
| 4:33 | Peasant |
| 5:01 | Siphon Mana |
| 5:14 | Scout Tower |
| 5:15 | Scout Tower |
| 5:16 | Scout Tower |
| 5:16 | Scout Tower |
| 5:17 | Scout Tower |
| 5:24 | Peasant |
| 5:24 | Peasant |
| 5:35 | Scout Tower |
| 5:36 | Scout Tower |
| 5:41 | Guard Tower |
| 5:43 | Arcane Tower |
| 5:44 | Guard Tower |
| 5:46 | Scroll of Regeneration |
| 5:46 | Lesser Clarity Potion |
| 5:51 | Guard Tower |
| 5:52 | Guard Tower |
| 6:14 | Guard Tower |
| 6:29 | Town Hall |
| 7:35 | Flame Strike |
| 7:39 | Scroll of Regeneration |
| 8:03 | Goblin Shredder |
| 8:10 | Goblin Sapper |
| 8:17 | Goblin Zeppelin |
| 8:31 | Potion of Invisibility |
| 8:33 | Boots of Speed |
| 8:36 | Staff of Teleportation |
| 8:37 | Potion of Lesser Invulnerability |
| 9:20 | Keep |
| 9:24 | Scout Tower |
| 9:27 | Scout Tower |
| 9:46 | Blacksmith |
| 9:56 | Potion of Invisibility |
| 10:09 | Goblin Sapper |
| 11:03 | Guard Tower |
| 11:18 | Farm |
| 11:22 | Scout Tower |
| 11:26 | Scout Tower |
| 11:29 | Scout Tower |
| 11:29 | Scout Tower |
| 11:33 | Improved Masonry |
| 11:45 | Workshop |
| 11:52 | Workshop |
| 11:59 | Workshop |
| 12:01 | Guard Tower |
| 12:06 | Black Gunpowder |
| 12:11 | Flying Machine |
| 12:11 | Flak Cannons |
| 12:31 | Guard Tower |
| 12:34 | Scout Tower |
| 12:36 | Scout Tower |
| 12:37 | Scout Tower |
| 12:37 | Scout Tower |
| 12:38 | Scout Tower |
| 12:41 | Flying Machine |
| 12:57 | Arcane Sanctum |
| 13:01 | Lesser Clarity Potion |
| 13:03 | Potion of Mana |
| 13:05 | Scroll of Town Portal |
| 13:09 | Flying Machine |
| 13:21 | Potion of Invisibility |
| 13:28 | Flying Machine |
| 13:33 | Refined Gunpowder |
| 14:03 | Mortar Team |
| 14:07 | Scout Tower |
| 14:07 | Scout Tower |
| 14:08 | Scout Tower |
| 14:10 | Scout Tower |
| 14:11 | Scout Tower |
| 14:13 | Scout Tower |
| 14:18 | Cannon Tower |
| 14:21 | Scout Tower |
| 14:22 | Scout Tower |
| 14:22 | Scout Tower |
| 14:24 | Scout Tower |
| 14:45 | Mortar Team |
| 14:52 | Cannon Tower |
| 14:54 | Advanced Masonry |
| 15:02 | Potion of Invisibility |
| 15:13 | Flying Machine |
| 16:02 | Cannon Tower |
| 16:03 | Guard Tower |
| 16:57 | Goblin Sapper |
| 16:57 | Goblin Sapper |
| 17:05 | Castle |
| 17:15 | Siphon Mana |
| 17:47 | Sorceress Adept Training |
| 17:47 | Sorceress |
| 17:48 | Sorceress |
| 17:54 | Cannon Tower |
| 17:55 | Cannon Tower |
| 17:57 | Guard Tower |
| 18:02 | Iron Plating |
| 18:04 | Flying Machine |
| 18:25 | Lesser Clarity Potion |
| 18:37 | Goblin Sapper |
| 18:55 | Mechanical Critter |
| 18:57 | Mechanical Critter |
| 19:52 | Flying Machine Bombs |
| 19:53 | Fragmentation Shards |
| 19:55 | Mortar Team |
| 20:00 | Farm |
| 20:02 | Farm |
| 20:03 | Farm |
| 20:03 | Farm |
| 20:15 | Scroll of Town Portal |
| 20:36 | Flame Strike |
| 20:47 | Cannon Tower |
| 21:14 | Farm |
| 21:17 | Farm |
| 21:36 | Scout Tower |
| 21:36 | Scout Tower |
| 21:37 | Scout Tower |
| 21:37 | Scout Tower |
| 21:38 | Scout Tower |
| 21:39 | Scout Tower |
| 21:39 | Scout Tower |
| 21:40 | Scout Tower |
| 21:41 | Scout Tower |
| 21:42 | Scout Tower |
| 21:46 | Town Hall |
| 21:48 | Scout Tower |
| 21:48 | Scout Tower |
| 21:49 | Scout Tower |
| 21:49 | Scout Tower |
| 21:50 | Scout Tower |
| 21:51 | Scout Tower |
| 21:52 | Scout Tower |
| 21:52 | Scout Tower |
| 21:53 | Scout Tower |
| 21:53 | Scout Tower |
| 21:54 | Scout Tower |
| 21:54 | Scout Tower |
| 21:55 | Scout Tower |
| 21:56 | Scout Tower |
| 21:56 | Scout Tower |
| 22:14 | Flare |
| 22:22 | Flying Machine |
| 22:28 | Sorceress |
| 22:28 | Sorceress |
| 22:59 | Sorceress |
| 23:00 | Sorceress |
| 23:16 | Cannon Tower |
| 23:47 | Cannon Tower |
| 23:50 | Guard Tower |
| 23:52 | Guard Tower |
| 23:53 | Guard Tower |
| 23:55 | Arcane Tower |
| 24:11 | Guard Tower |
| 24:14 | Arcane Tower |
| 24:40 | Cannon Tower |
| 24:45 | Guard Tower |
| 24:49 | Cannon Tower |
| 24:51 | Arcane Tower |
| 25:13 | Arcane Vault |
| 25:23 | Cannon Tower |
| 25:24 | Arcane Tower |
| 25:29 | Cannon Tower |
| 25:43 | Mortar Team |
| 26:22 | Mortar Team |
| 26:32 | Sorceress Master Training |
| 26:34 | Imbued Masonry |
| 26:41 | Guard Tower |
| 26:59 | Barrage |
| 27:05 | Steel Plating |
| 27:08 | Studded Leather Armor |
| 27:26 | Goblin Sapper |
| 27:27 | Goblin Sapper |
| 27:38 | Goblin Sapper |
| 28:15 | Farm |
| 28:30 | Cannon Tower |
| 28:38 | Guard Tower |
| 28:42 | Arcane Tower |
| 28:43 | Arcane Tower |
| 32:56 | Magic Sentry |
| 32:57 | Mortar Team |
| 33:05 | Mortar Team |
| 34:43 | Reinforced Leather Armor |
| 36:42 | Potion of Lesser Invulnerability |
| 39:59 | Imbued Gunpowder |
| 40:00 | Mithril Plating |
| 40:01 | Dragonhide Armor |
| 42:53 | Goblin Sapper |
| 42:53 | Goblin Sapper |
| 42:53 | Goblin Sapper |
| Right click | 1458 |
| Select | 573 |
| Build/train/purchase | 176 |
| Select group | 134 |
| Use ability | 75 |
| Misc. action | 35 |
| Assign group | 20 |
| Esc | 9 |
| Item give/drop | 3 |